3AAA
BALBOA BUCCANEERS @ AUGUSTA TIMBER HAWKS
08/14/2020
 
TOP OF THE 1ST
Balboa Buccaneers batting - Pitching for Augusta Timber Hawks : LHP Gary Thomas
Pitching: LHP Gary Thomas
Batting: RHB José Correa 0-0: Foul Ball, location: 2F
0-1: Foul Ball, location: 2F
0-2: Ball
1-2: Ball
2-2: Foul Ball, location: 2F
2-2: Ball
3-2: Base on Balls
Batting: SHB Walt Smith 0-0: Ball
1-0: Foul Ball, location: 2F
1-1: Fly out, F8 (Flyball, 8RM)
Batting: RHB William Hull 0-0: Ball
1-0: Fielders Choice at 2nd, 1-6 (Groundball, 23)
Batting: LHB Sergio Muñóz 0-0: Ball
William Hull steals 2nd base
1-0: Foul Ball, location: 2F
1-1: DOUBLE (Line Drive, 3D)
William Hull scores
Batting: RHB Roy Childress 0-0: Ball
1-0: Called Strike
1-1: Ball
2-1: SINGLE (Line Drive, 6MD)
Sergio Muñóz to third
Runner from 3rd tries for Home, SAFE, throw made home
Roy Childress to second
Batting: LHB Imre Brincka 0-0: Called Strike
0-1: SINGLE (Line Drive, 4MD)
Roy Childress to third
Runner from 3rd tries for Home, SAFE, no throw or cutoff
Batting: RHB César Garza 0-0: Ball
1-0: Ball
2-0: Foul Ball, location: 2F
2-1: Ball
3-1: Foul Ball, location: 2F
3-2: Ground out 5-3 (Groundball, 5S)
Top of the 1st over - 3 run(s), 3 hit(s), 0 error(s), 1 left on base; Balboa 3 - Augusta 0
BOTTOM OF THE 1ST
Augusta Timber Hawks batting - Pitching for Balboa Buccaneers : RHP Eduardo Capata
Pitching: RHP Eduardo Capata
Batting: LHB Mike Hanson 0-0: Foul Ball, location: 2F
0-1: Fly out, F5 (Popup, 15)
Batting: RHB Hiwahikeiki Noelani 0-0: Called Strike
0-1: Foul Ball, location: 2F
0-2: SINGLE (Line Drive, 4MD)
Batting: SHB Lawrence Franklin 0-0: Called Strike
0-1: Hit by Pitch
Hiwahikeiki Noelani to second
Batting: RHB Eddy Baxter 0-0: Called Strike
Hiwahikeiki Noelani steals 3rd base
Lawrence Franklin to second
0-1: Ball
1-1: Swinging Strike
1-2: Ball
2-2: Strikes out swinging
Batting: RHB Jack Hatcher 0-0: Called Strike
0-1: Foul Ball, location: 2F
0-2: Ground out 5-3 (Groundball, 15S)
Bottom of the 1st over - 0 run(s), 1 hit(s), 0 error(s), 2 left on base; Balboa 3 - Augusta 0
TOP OF THE 2ND
Balboa Buccaneers batting - Pitching for Augusta Timber Hawks : LHP Gary Thomas
Batting: SHB Wook-jin Pae 0-0: Ground out 5-3 (Groundball, 5S)
Batting: LHB Sam Good 0-0: Foul Ball, location: 2F
0-1: Swinging Strike
0-2: Ball
1-2: Ball
2-2: Ball
3-2: Base on Balls
Batting: RHB José Correa 0-0: Ball
1-0: Ball
2-0: Called Strike
2-1: Called Strike
2-2: Ball
3-2: Base on Balls
Sam Good to second
Batting: SHB Walt Smith 0-0: Called Strike
0-1: Ball
1-1: Foul Ball, location: 2F
1-2: Ball
2-2: Fly out, F9 (Flyball, 89M)
Batting: RHB William Hull 0-0: Called Strike
0-1: SINGLE (Line Drive, 3D)
Sam Good to third
José Correa to second
Batting: LHB Sergio Muñóz 0-0: Called Strike
0-1: Ground out 4-3 (Groundball, 4)
Top of the 2nd over - 0 run(s), 1 hit(s), 0 error(s), 3 left on base; Balboa 3 - Augusta 0
BOTTOM OF THE 2ND
Augusta Timber Hawks batting - Pitching for Balboa Buccaneers : RHP Eduardo Capata
Batting: LHB Eugene Lawrence 0-0: Ball
1-0: Called Strike
1-1: Fly out, F8 (Flyball, 8LM)
Batting: SHB José Salazar 0-0: Ball
1-0: Ground out U3 (Groundball, 3L)
Batting: RHB Claudio Mendoza 0-0: Swinging Strike
0-1: Swinging Strike
0-2: Foul Ball, location: 2F
0-2: Ball
1-2: Ball
2-2: Ball
3-2: Strikes out looking
Bottom of the 2nd over - 0 run(s), 0 hit(s), 0 error(s), 0 left on base; Balboa 3 - Augusta 0
TOP OF THE 3RD
Balboa Buccaneers batting - Pitching for Augusta Timber Hawks : LHP Gary Thomas
Batting: RHB Roy Childress 0-0: Ball
1-0: Foul Ball, location: 2F
1-1: Swinging Strike
1-2: Strikes out swinging
Batting: LHB Imre Brincka 0-0: Foul Ball, location: 2F
0-1: Called Strike
0-2: Ball
1-2: Strikes out swinging
Batting: RHB César Garza 0-0: Ball
1-0: Ground out 6-3 (Groundball, 6D)
Top of the 3rd over - 0 run(s), 0 hit(s), 0 error(s), 0 left on base; Balboa 3 - Augusta 0
BOTTOM OF THE 3RD
Augusta Timber Hawks batting - Pitching for Balboa Buccaneers : RHP Eduardo Capata
Batting: RHB Pedro Jiménez 0-0: Ball
1-0: Ball
2-0: Called Strike
2-1: TRIPLE (Line Drive, 78M)
Batting: LHB Mike Hanson 0-0: Called Strike
0-1: Ball
1-1: Called Strike
1-2: Fly out, F8 (Flyball, 8RM)
Runner from 3rd tags up, SCORES, no throw
Batting: RHB Hiwahikeiki Noelani 0-0: Ball
1-0: Foul Ball, location: 2F
1-1: Swinging Strike
1-2: Foul Ball, location: 2F
1-2: Strikes out looking
Batting: SHB Lawrence Franklin 0-0: Foul Ball, location: 2F
0-1: Swinging Strike
0-2: Ground out 6-3 (Groundball, 6)
Bottom of the 3rd over - 1 run(s), 1 hit(s), 0 error(s), 0 left on base; Balboa 3 - Augusta 1
TOP OF THE 4TH
Balboa Buccaneers batting - Pitching for Augusta Timber Hawks : LHP Gary Thomas
Batting: SHB Wook-jin Pae 0-0: Ball
1-0: Called Strike
1-1: Foul Ball, location: 2F
1-2: Foul Ball, location: 2F
1-2: Foul Ball, location: 2F
1-2: Ball
2-2: Ground out 6-3 (Groundball, 6)
Batting: LHB Sam Good 0-0: Ground out 5-3 (Groundball, 5S)
Batting: RHB José Correa 0-0: Ball
1-0: Called Strike
1-1: Swinging Strike
1-2: Ball
2-2: Foul Ball, location: 2F
2-2: Ball
3-2: Fly out, F8 (Flyball, 8LM)
Top of the 4th over - 0 run(s), 0 hit(s), 0 error(s), 0 left on base; Balboa 3 - Augusta 1
BOTTOM OF THE 4TH
Augusta Timber Hawks batting - Pitching for Balboa Buccaneers : RHP Eduardo Capata
Batting: RHB Eddy Baxter 0-0: SOLO HOME RUN (Flyball, 7D), Distance : 407 ft
Batting: RHB Jack Hatcher 0-0: Called Strike
0-1: Ball
1-1: Ground out 4-3 (Groundball, 4M)
Batting: LHB Eugene Lawrence 0-0: Called Strike
0-1: Ball
1-1: Ball
2-1: Swinging Strike
2-2: Fly out, F3 (Line Drive, 3S)
Batting: SHB José Salazar 0-0: Called Strike
0-1: Swinging Strike
0-2: Ball
1-2: Fly out, F9 (Flyball, 8RM)
Bottom of the 4th over - 1 run(s), 1 hit(s), 0 error(s), 0 left on base; Balboa 3 - Augusta 2
TOP OF THE 5TH
Balboa Buccaneers batting - Pitching for Augusta Timber Hawks : LHP Gary Thomas
Batting: SHB Walt Smith 0-0: Called Strike
0-1: SINGLE (Flyball, 9S)
Batting: RHB William Hull 0-0: Ball
1-0: Ball
2-0: Called Strike
2-1: Ball
3-1: Base on Balls
Walt Smith to second
Batting: LHB Sergio Muñóz 0-0: Foul Ball, location: 2F
0-1: Ball
1-1: Ball
2-1: Ball
3-1: Fly out, F6 (Line Drive, 6D)
Batting: RHB Roy Childress 0-0: Ball
1-0: Reached on error, E1 (Groundball, 15S)
Walt Smith to third
William Hull to second
Batting: LHB Imre Brincka 0-0: Called Strike
0-1: Ball
1-1: SINGLE (Line Drive, 9S)
Walt Smith scores
William Hull to third
Roy Childress to second
Batting: RHB César Garza 0-0: Ball
1-0: Foul Ball, location: 2F
1-1: Grounds into double play, 6-4-3 (Groundball, 56)
Top of the 5th over - 1 run(s), 2 hit(s), 1 error(s), 2 left on base; Balboa 4 - Augusta 2
BOTTOM OF THE 5TH
Augusta Timber Hawks batting - Pitching for Balboa Buccaneers : RHP Eduardo Capata
Batting: RHB Claudio Mendoza 0-0: Called Strike
0-1: SINGLE (Groundball, 56D)
Batting: RHB Pedro Jiménez 0-0: Ball
1-0: Sac Bunt - play at first, batter OUT! 5-4
Claudio Mendoza to second
Batting: LHB Mike Hanson 0-0: Ball
1-0: Ground out 6-3 (Groundball, 6M)
Claudio Mendoza to third
Batting: RHB Hiwahikeiki Noelani 0-0: Swinging Strike
0-1: Foul Ball, location: 2F
0-2: Strikes out looking
Bottom of the 5th over - 0 run(s), 1 hit(s), 0 error(s), 1 left on base; Balboa 4 - Augusta 2
TOP OF THE 6TH
Balboa Buccaneers batting - Pitching for Augusta Timber Hawks : LHP Gary Thomas
Batting: SHB Wook-jin Pae 0-0: Ground out 5-3 (Groundball, 56)
Batting: LHB Sam Good 0-0: Ball
1-0: Ground out 2-3 (Groundball, 25)
Batting: RHB José Correa 0-0: Called Strike
0-1: Ball
1-1: Swinging Strike
1-2: Strikes out swinging
Top of the 6th over - 0 run(s), 0 hit(s), 0 error(s), 0 left on base; Balboa 4 - Augusta 2
BOTTOM OF THE 6TH
Augusta Timber Hawks batting - Pitching for Balboa Buccaneers : RHP Eduardo Capata
Batting: SHB Lawrence Franklin 0-0: Ball
1-0: Called Strike
1-1: Ball
2-1: Called Strike
2-2: Ground out 6-3 (Groundball, 6)
Batting: RHB Eddy Baxter 0-0: DOUBLE (Flyball, 9LM)
Batting: RHB Jack Hatcher 0-0: Called Strike
0-1: Ball
1-1: Foul Ball, location: 2F
1-2: Ball
2-2: Ball
3-2: Foul Ball, location: 2F
3-2: Base on Balls
Batting: LHB Eugene Lawrence 0-0: Ground out 4-3 (Groundball, 4M)
Eddy Baxter to third
Jack Hatcher to second
Batting: SHB José Salazar 0-0: SINGLE (Line Drive, 56D)
Eddy Baxter scores
Jack Hatcher to third
Batting: RHB Claudio Mendoza 0-0: Foul Ball, location: 2F
0-1: Ball
1-1: TRIPLE (Groundball, 5L)
Jack Hatcher scores
José Salazar scores
Batting: RHB Pedro Jiménez 0-0: Called Strike
0-1: Ball
1-1: Ball
2-1: Fly out, F7 (Popup, 7S)
Bottom of the 6th over - 3 run(s), 3 hit(s), 0 error(s), 1 left on base; Balboa 4 - Augusta 5
TOP OF THE 7TH
Balboa Buccaneers batting - Pitching for Augusta Timber Hawks : LHP Gary Thomas
Batting: SHB Walt Smith 0-0: Ball
1-0: Ground out U3 (Groundball, 3S)
Batting: RHB William Hull 0-0: Ball
1-0: Fly out, F9 (Flyball, 9M)
Batting: LHB Sergio Muñóz 0-0: Called Strike
0-1: Swinging Strike
0-2: Strikes out looking
Top of the 7th over - 0 run(s), 0 hit(s), 0 error(s), 0 left on base; Balboa 4 - Augusta 5
BOTTOM OF THE 7TH
Augusta Timber Hawks batting - Pitching for Balboa Buccaneers : RHP Eduardo Capata
Batting: LHB Mike Hanson 0-0: Foul Ball, location: 2F
0-1: Ball
1-1: Ball
2-1: SINGLE (Line Drive, 9M)
Batting: RHB Hiwahikeiki Noelani 0-0: Ball
1-0: Bunted foul
1-1: Ball
2-1: Ball
3-1: Bunted foul
3-2: 2-RUN HOME RUN (Line Drive, 9LD), Distance : 369 ft
Pitching: RHP Ed Day
Batting: SHB Lawrence Franklin 0-0: Ball
1-0: Foul Ball, location: 2F
1-1: Swinging Strike
1-2: Ball
2-2: Ball
3-2: Foul Ball, location: 2F
3-2: Strikes out swinging
Batting: RHB Eddy Baxter 0-0: Called Strike
0-1: Foul Ball, location: 2F
0-2: Foul Ball, location: 2F
0-2: DOUBLE (Line Drive, 78D) - OUT at third base trying to stretch hit.
Batting: RHB Jack Hatcher 0-0: Called Strike
0-1: Called Strike
0-2: Ball
1-2: Ball
2-2: Foul Ball, location: 2F
2-2: SINGLE (Groundball, 56D)
Batting: LHB Eugene Lawrence 0-0: Ball
1-0: Ball
2-0: Foul Ball, location: 2F
2-1: Fly out, F7 (Line Drive, 7S)
Bottom of the 7th over - 2 run(s), 4 hit(s), 0 error(s), 1 left on base; Balboa 4 - Augusta 7
TOP OF THE 8TH
Balboa Buccaneers batting - Pitching for Augusta Timber Hawks : LHP Gary Thomas
Batting: RHB Roy Childress 0-0: Foul Ball, location: 2F
0-1: Ball
1-1: Called Strike
1-2: Ball
2-2: Strikes out swinging
Batting: LHB Imre Brincka 0-0: Ball
1-0: Ball
2-0: Foul Ball, location: 2F
2-1: Ball
3-1: Foul Ball, location: 2F
3-2: Base on Balls
Pitching: RHP Jim Unknown
Batting: RHB César Garza 0-0: Ball
1-0: Called Strike
1-1: Ball
2-1: Ball
3-1: Base on Balls
Imre Brincka to second
Batting: SHB Wook-jin Pae 0-0: Ball
1-0: Swinging Strike
1-1: Swinging Strike
1-2: Strikes out swinging
Batting: LHB Sam Good 0-0: Called Strike
0-1: Ball
1-1: SINGLE (Groundball, 25) (infield hit)
Imre Brincka to third
César Garza to second
Pinch Hitting: LHB Jeffrey Gregg 0-0: Foul Ball, location: 2F
0-1: Fly out, F6 (Popup, 6)
Top of the 8th over - 0 run(s), 1 hit(s), 0 error(s), 3 left on base; Balboa 4 - Augusta 7
BOTTOM OF THE 8TH
Augusta Timber Hawks batting - Pitching for Balboa Buccaneers : RHP Ed Day
Now at SS: Derek Schroeder
Batting: SHB José Salazar 0-0: Ball
1-0: Foul Ball, location: 2F
1-1: Ball
2-1: Foul Ball, location: 2F
2-2: Ground out 6-3 (Groundball, 6M)
Batting: RHB Claudio Mendoza 0-0: Ball
1-0: Reached on Error, E7 (Line Drive, 7M)
Batting: RHB Pedro Jiménez 0-0: Called Strike
0-1: Ground out 4-3 (Groundball, 34)
Claudio Mendoza to third
Batting: LHB Mike Hanson 0-0: Ball
1-0: Called Strike
1-1: Called Strike
1-2: Foul Ball, location: 2F
1-2: Ball
2-2: Foul Ball, location: 2F
2-2: Foul Ball, location: 2F
2-2: Ball
3-2: DOUBLE (Line Drive, 3)
Claudio Mendoza scores
Batting: RHB Hiwahikeiki Noelani 0-0: Called Strike
0-1: Ball
1-1: Ball
2-1: Ball
3-1: Fly out, F1 (Popup, 3S)
Bottom of the 8th over - 1 run(s), 1 hit(s), 1 error(s), 1 left on base; Balboa 4 - Augusta 8
TOP OF THE 9TH
Balboa Buccaneers batting - Pitching for Augusta Timber Hawks : RHP Jim Unknown
Batting: SHB Walt Smith 0-0: Ball
1-0: Foul Ball, location: 2F
1-1: SINGLE (Line Drive, 7S)
Batting: RHB William Hull 0-0: Foul Ball, location: 2F
0-1: Grounds into double play, 5-4-3 (Groundball, 56)
Batting: LHB Sergio Muñóz 0-0: Called Strike
0-1: Swinging Strike
0-2: Strikes out swinging
Top of the 9th over - 0 run(s), 1 hit(s), 0 error(s), 0 left on base; Balboa 4 - Augusta 8
This league is powered by Out of the Park Baseball, the baseball management simulation game for PC, Mac and Linux
Friday, October 23rd, 2015 - OOTP Baseball 16.9 Build 39